Construct Infanterie Kompanie
Selects Luftwaffe Battlegroup
Selects Luftwaffe Pioneer Support
Fallschirmpioneer Squad Paradrop
Selects Stuka Strafing Run
Fallschirmpioneer Squad Paradrop
Construct Luftwaffe Kompanie
Luftwaffe Officer Quarters
Fallschirmpioneer Squad Paradrop
Construct Panzergrenadier Kompanie
Selects Fallschirmjäger Squad Paradrop
Nebelwerfer 42 Rocket Launcher Team
Construct Panzer Kompanie
Selects LG40 Recoilless Gun Paradrop
Selects Flak 36 Anti-tank Gun Emplacement
Fallschirmjäger Squad Paradrop
Nebelwerfer 42 Rocket Launcher Team